 Dungeon Crawl Stone Soup version 0.31-a0-574-g69dc8cc98e (webtiles) character file.

Game seed: 1003905513339256006

1604 thirtiethelement the Grave Robber (level 8, -1/57 HPs)
             Began as a Demonspawn Necromancer on Aug 18, 2023.
             Slain by a hornet (12 damage)
             ... on level 5 of the Dungeon.
             The game lasted 00:28:22 (4429 turns).

thirtiethelement the Grave Robber (DsNe)            Turns: 4429, Time: 00:28:22

Health: -1/57      AC: 21    Str:  9    XL:     8   Next: 63%
Magic:  13/14      EV:  5    Int: 19    God:
Gold:   287        SH:  0    Dex: 13    Spells: 14/15 levels left

rFire   + . .        h - +1 halberd (vamp)
rCold   x . .        (shield currently unavailable)
rNeg    . . .        l - +7 chain mail of the Well-Known Gods {rPois}
rPois   +            (no helmet)
rElec   .            w - +0 cloak
rCorr   .            (no gloves)
SInv    .            c - +1 pair of boots {Fly}
Will    .....        (no amulet) Stlth
                     z - ring of fire
HPRegen 1.09/turn    (no ring)
MPRegen 0.14/turn

%: no passive effects
@: lethally poisoned (-1 -> -1), flying, unable to drink
A: thin metallic scales 1, demonic guardian 1, foul stench 1, weakness stinger
1, regeneration 1, inability to drink after injury 1
a: no special abilities


You were on level 5 of the Dungeon.
You visited 1 branch of the dungeon, and saw 5 of its levels.

You collected 287 gold pieces.

Inventory:

Hand Weapons
 h - a +1 vampiric halberd (weapon)
 q - a +1 dire flail of pain
 s - a +2 dagger of venom
 B - the +5 hand axe of Yesterday {drain, Will+ rCorr}
   (You found it on level 4 of the Dungeon)

   Will+:     It increases your willpower.
   rCorr:     It protects you from acid and corrosion.
Missiles
 x - a curare-tipped dart
Armour
 a - a +0 robe
 c - a +1 pair of boots of flying (worn)
 d - +0 fire dragon scales
 l - the +7 chain mail of the Well-Known Gods (worn) {rPois}
   (You found it on level 3 of the Dungeon)

   rPois:     It protects you from poison
 u - a +0 leather armour of fire resistance
 w - a +0 cloak (worn)
Magical Staves
 y - a staff of poison
Jewellery
 z - a ring of fire (left hand)
Wands
 i - a wand of flame (14)
 v - a wand of iceblast (13)
Scrolls
 f - a scroll of immolation
 j - a scroll of torment
 k - a scroll of noise
 m - 3 scrolls of revelation
 o - 2 scrolls of silence
 p - a scroll of fog
 r - a scroll of blinking {unknown}
 A - a scroll of brand weapon {unknown}
 F - a scroll of fear
Potions
 b - 3 potions of magic
 e - 2 potions of curing
 g - 2 potions of might
 n - a potion of enlightenment {unknown}
 t - a potion of brilliance {unknown}
 C - a potion of berserk rage {unknown}
 D - a potion of ambrosia {unknown}
 E - 2 potions of attraction {unknown}
 G - a potion of heal wounds {unknown}


   Skills:
 + Level 2.7 Fighting
 + Level 5.4 Polearms
 + Level 3.7 Armour
 + Level 3.0 Dodging
 + Level 2.1 Stealth
 + Level 4.2 Spellcasting
 + Level 7.1 Necromancy


You had 14 spell levels left.
You knew the following spells:

 Your Spells              Type           Power      Damage    Failure   Level
a - Necrotise             Necr           100%       1d9       34%         1

Your spell library contained the following spells:

 Spells                   Type           Power      Damage    Failure   Level
 Vampiric Draining        Necr           31%        2d8       71%         3
 Animate Dead             Necr           31%        N/A       98%         4
 Freeze                   Ice            16%        1d4       100%        1
 Sandblast                Erth           8%         2d5       100%        1
 Shock                    Conj/Air       16%        1d4       100%        1
 Passwall                 Tmut/Erth      3%         N/A       100%        2
 Dazzling Flash           Conj/Hex       8%         N/A       100%        3
 Frozen Ramparts          Ice            8%         1d2       100%        3
 Hailstorm                Conj/Ice       4%         3d4       100%        3
 Stone Arrow              Conj/Erth      8%         3d7       100%        3
 Swiftness                Air            4%         N/A       100%        3
 Volatile Blastmotes      Fire/Tloc      12%        2d11      100%        3
 Airstrike                Air            2%         2d(1-17)  100%        4
 Petrify                  Tmut/Erth      4%         N/A       100%        4
 Agony                    Necr           31%        N/A       100%        5
 Metabolic Englaciation   Hex/Ice        2%         N/A       100%        5
 Starburst                Conj/Fire      3%         6d3       100%        6
 Maxwell's Capacitive Co  Air            2%         ∞         100%        8


Dungeon Overview and Level Annotations

Branches:
Dungeon (5/15)
 Temple: D:4-7

Altars:
Sif Muna

Shops:
D:4 (

Annotations:
D:4 2 runed translucent doors


Innate Abilities, Weirdness & Mutations

You are partially covered in thin metallic scales. (AC +2)
A weak demonic guardian rushes to your aid.
You may rarely emit foul miasma when damaged in melee.
You have a small tail.
Your natural rate of healing is unusually fast.
You occasionally lose the ability to drink potions when taking damage.


Message History

The hornet stings your orc skeleton.
Your orc skeleton completely misses the black bear.
The black bear bites you. The black bear barely misses you.
The black bear closely misses you.
You puncture the black bear!
You kill the black bear!
Your orc skeleton crumbles into dust!
The hornet stings you.
You hit the hornet but do no damage. The hornet barely misses you.
The hornet stings you but does no damage.
You closely miss the hornet.
Your tail-slap misses the hornet.
The hornet stings you but does no damage. x2
You closely miss the hornet. The hornet stings you.
The hornet barely misses you.
You closely miss the hornet. The hornet stings you!
The hornet completely misses you.
You closely miss the hornet. The hornet stings you!
Your magical contamination has completely faded away.
You slash the hornet!
The hornet is heavily wounded.
The hornet barely misses you. The hornet stings you!
You are poisoned.
You puncture the hornet!
You feel better.
The hornet is severely wounded.
You feel very sick.
The hornet stings you but does no damage.
The hornet stings you.
You hit the hornet.
You feel better.
The hornet is almost dead.
You feel very sick. The hornet stings you!
You feel threatened and lose the ability to drink potions!
* * * LOW HITPOINT WARNING * * *
The hornet stings you but does no damage.
You miss the hornet.
The hornet is almost dead.
You feel sick.
The hornet stings you but does no damage.
The hornet stings you!
You die...

.# #######...#...#
.###...###.###...##########
.##.....##...Z............#.#
.#......(#######.########.#.#
.'.......##....#.##### #.#.#
.#......(##..........# #.#.#
.##.....###..........# #.#.#
.###...## ###........# #.#.#
## ##### #..y@....####.#.#
##..............#
#.#.#########.###### .).#..
......)....... ..#####
####.######### .... #. ... ..
.. ##


You could see a hornet.

Vanquished Creatures
  A steam dragon (D:5)
  Edmund (D:4)
  2 black bears
  An ogre (D:5)
  A phantom (D:4)
  A kobold brigand (D:4)
  3 scorpions (D:5)
  3 orc priests (D:4)
  An iguana (D:5)
  3 sleepcaps (D:4)
  4 orc wizards (D:4)
  3 gnolls
  5 adders
  A worm (D:5)
  5 dart slugs
  13 orcs
  6 bats
  5 endoplasms
  3 giant cockroaches
  8 goblins
  6 hobgoblins
  12 jackals
  A kobold (D:2)
  5 quokkas
  8 ball pythons
  3 frilled lizards (D:3)
  5 rats
110 creatures vanquished.

Vanquished Creatures (collateral kills)
  A water moccasin (D:4)
  An ogre (D:3)
  A scorpion (D:5)
  A gnoll (D:3)
  An adder (D:5)
  An orc (D:3)
  2 endoplasms
  A hobgoblin (D:1)
  A jackal (D:2)
10 creatures vanquished.

Vanquished Creatures (others)
  A jelly (D:5)
  An orc (D:5)
2 creatures vanquished.

Grand Total: 122 creatures vanquished

Notes
Turn   | Place    | Note
-------+----------+-------------------------------------------
     0 | D:1      | thirtiethelement the Demonspawn Necromancer began the quest
                  | for the Orb.
     0 | D:1      | Reached XP level 1. HP: 13/13 MP: 3/3
   188 | D:1      | Gained mutation: You have a small tail. [demonic ancestry]
   188 | D:1      | Reached XP level 2. HP: 18/19 MP: 0/5
   600 | D:1      | Gained mutation: A weak demonic guardian rushes to your
                  | aid. [demonic ancestry]
   600 | D:1      | Reached XP level 3. HP: 20/24 MP: 6/6
   700 | D:1      | Reached skill level 5 in Necromancy
  1400 | D:2      | Reached XP level 4. HP: 30/30 MP: 4/7
  1774 | D:3      | Identified the +7 chain mail of the Well-Known Gods {rPois}
  1833 | D:3      | Gained mutation: You occasionally lose the ability to drink
                  | potions when taking damage. [potion of mutation]
  1833 | D:3      | Gained mutation: Your natural rate of healing is unusually
                  | fast. [potion of mutation]
  1838 | D:3      | Reached skill level 6 in Necromancy
  2026 | D:2      | Reached XP level 5. HP: 35/35 MP: 9/9
  2575 | D:4      | Reached skill level 1 in Polearms
  2575 | D:4      | Reached skill level 1 in Armour
  2587 | D:4      | Noticed a water moccasin
  2598 | D:4      | Killed a water moccasin
  2599 | D:4      | Gained mutation: You are partially covered in thin metallic
                  | scales. (AC +2) [demonic ancestry]
  2599 | D:4      | Reached XP level 6. HP: 37/42 MP: 8/10
  2749 | D:4      | Reached skill level 1 in Fighting
  2927 | D:4      | Noticed Edmund
  2982 | D:3      | Reached XP level 7. HP: 10/48 MP: 11/11
  3042 | D:4      | Killed Edmund
  3107 | D:4      | Found Vedat's Weapon Shoppe.
  3206 | D:4      | Found a large runed translucent door.
  3206 | D:4      | Found a large runed translucent door.
  3344 | D:4      | Found a large runed translucent door.
  3344 | D:4      | Found a large runed translucent door.
  3349 | D:4      | Identified the +5 hand axe of Yesterday {drain, Will+
                  | rCorr}
  3626 | D:4      | Gained mutation: You may rarely emit foul miasma when
                  | damaged in melee. [demonic ancestry]
  3626 | D:4      | Reached XP level 8. HP: 57/57 MP: 13/13
  3831 | D:5      | Entered Level 5 of the Dungeon
  3878 | D:5      | Found a shimmering blue altar of Sif Muna.
  4279 | D:5      | Reached skill level 5 in Polearms
  4326 | D:5      | Reached skill level 7 in Necromancy
  4416 | D:5      | Noticed a hornet
  4429 | D:5      | Slain by a hornet

Illustrated notes

Levels and vault maps discovered:
D:1:      onia_arrival_pentagram, layout_basic
D:2:      layout_loops_cross, dk_vineyard_3, chequers_jeans
D:3:      layout_rooms, grunt_decor_fettered
D:4:      layout_layer_cave, serial_shops, nicolae_shop_statue_plus,
          minmay_hollow_rounded_squares, uniq_edmund
D:5:      minmay_opposing_rooms, layout_basic, mainiacjoe_overflow_alcove_4,
          mainiacjoe_overflow_paths, st_stairs_14

Skill      XL: |  1  2  3  4  5  6  7  8 |
---------------+-------------------------+-----
Stealth        | 2 |  2.1
Dodging        | 2 3 |  3.0
Necromancy     | 5 6 7 |  7.1
Polearms       | 2 3 4 5 |  5.4
Armour         | 1 2 3 |  3.7
Spellcasting   | 3 4 |  4.2
Fighting       | 1 2 |  2.7

Action                     |  1- 3 |  4- 6 |  7- 9 || total
---------------------------+-------+-------+-------++-------
  Melee: Trident           |    39 |    25 |       ||    64
         Tailslap          |     3 |    24 |    54 ||    81
         Halberd           |       |   103 |   243 ||   346
         Spear             |       |    15 |       ||    15
   Cast: Necrotise         |    44 |    25 |    24 ||    93
    Use: Scroll            |     3 |     5 |     3 ||    11
         Potion            |       |     1 |       ||     1
 Armour: Fire dragon scale |    24 |    11 |       ||    35
         Chain mail        |       |   157 |   273 ||   430
  Dodge: Dodged            |    27 |    39 |    64 ||   130

Table legend: (Time is in decaauts)
 A = Elapsed time spent in this place.
 B = Non-inter-level travel time spent in this place.
 C = Inter-level travel time spent in this place.
 D = Time resting spent in this place.
 E = Time spent auto-exploring this place.
 F = Levels seen in this place.
 G = Mean time per level.
                   A        B        C        D        E       F      G
               +--------+--------+--------+--------+--------+-----+--------+
         Total |   4570 |   4513 |     57 |    176 |   2654 |   5 |  914.0 |
       Dungeon |   4570 |   4513 |     57 |    176 |   2654 |   5 |  914.0 |
               +--------+--------+--------+--------+--------+-----+--------+

Top non-repeatable levels by time:
     D:4: 1327 daAuts
     D:2: 1137 daAuts
     D:1: 803 daAuts
     D:3: 676 daAuts
     D:5: 626 daAuts
